 Dungeon Crawl Stone Soup version 0.21.0 (webtiles) character file.

179 Suckerboh the Ruffian (level 5, -1/52 HPs)
             Began as a Troll Monk on Jan 7, 2018.
             Slain by an ogre
             ... wielding a +0 giant spiked club
              (31 damage)
             ... on level 4 of the Dungeon.
             The game lasted 00:02:43 (2566 turns).

Suckerboh the Ruffian (Troll Monk)                  Turns: 2566, Time: 00:02:43

Health: -1/52      AC:  7    Str: 19    XL:     5   Next: 32%
Magic:  4/4        EV: 11    Int:  6    God:
Gold:   125        SH:  0    Dex: 13    Spells: 4/4 levels left

rFire    . . .     SeeInvis .     - Unarmed
rCold    . . .     Gourm    +   (no shield)
rNeg     . . .     Faith    .   a - +0 robe
rPois    .         Spirit   .   (helmet restricted)
rElec    .         Reflect  .   c - +1 cloak
rCorr    .         Harm     .   (gloves unavailable)
MR       .....                  (boots unavailable)
Stlth    ++........             (no amulet)
HPRegen  0.57/turn              (no ring)
MPRegen  0.09/turn              (no ring)

@: no status effects
A: large, unfitting armour, claws 3, fast metabolism 3, gourmand, regeneration
1, shaggy fur 1, tough skin 2
a: no special abilities


You were on level 4 of the Dungeon.
You were very full.

You visited 1 branch of the dungeon, and saw 4 of its levels.

You collected 125 gold pieces.

Inventory:

Armour
 a - a +0 robe (worn)
 c - a +1 cloak (worn)
Wands
 n - a wand of paralysis (10)
Scrolls
 f - 3 scrolls of remove curse {unknown}
 h - 3 scrolls of teleportation {unknown}
 i - a scroll of noise {unknown}
 k - a scroll of fear {unknown}
 q - a scroll of enchant weapon {unknown}
Potions
 d - a potion of cancellation {unknown}
 e - a potion of might {unknown}
 g - 2 potions of berserk rage {unknown}
 j - a potion of lignification {unknown}
 l - a potion of degeneration {unknown}
 m - a potion of brilliance {unknown}
 o - a potion of agility {unknown}
Comestibles
 b - 4 rations
 p - 4 chunks of flesh


   Skills:
 + Level 2.8 Fighting
 + Level 3.1 Dodging
 - Level 1.0 Stealth
 * Level 5.3 Unarmed Combat


You had 4 spell levels left.
You didn't know any spells.

Dungeon Overview and Level Annotations

Branches:
Dungeon (4/15)
 Temple: D:4-7

Altars:
Dithmenos
Trog
Wu Jian


Innate Abilities, Weirdness & Mutations

You are too large for most types of armour.
You have claws for hands.
Your metabolism is lightning-fast.
You like to eat raw meat.
Your natural rate of healing is unusually fast.
You are covered in fur. (AC +1)
You have very tough skin. (AC +2)


Message History

The jackal closely misses you.
You claw the jackal!
You kill the jackal!
You see here a jackal corpse.
There is an escape hatch in the ceiling here.
q - a scroll labeled DIEGRIEHI An ogre comes into view.
It is wielding a giant spiked club.
An ogre is nearby!
The ogre shouts!
The ogre hits you with a giant spiked club!!
You claw the ogre! Your claw misses the ogre.
The ogre is heavily wounded.
The ogre misses you.
You scratch the ogre.
The ogre is severely wounded.
You scratch the ogre.
The ogre is almost dead.
The ogre hits you with a giant spiked club!!
Ouch! That really hurt!
You die...

#############.
#.....@O......
#.###########.
#.# #.# #.#
#.# #.# #.#
###.###


You could see an ogre.

Vanquished Creatures
  A hound (D:4)
  An orc wizard (D:4)
  Ijyb (D:3)
  2 adders
  An ooze (D:3)
  3 worms (D:3)
  3 dart slugs
  2 leopard geckos
  8 orcs (D:4)
  3 giant cockroaches
  5 goblins
  3 hobgoblins (D:3)
  2 jackals (D:4)
  4 bats
  3 frilled lizards
  4 kobolds
  4 rats
50 creatures vanquished.

Notes
Turn   | Place    | Note
-------+----------+-------------------------------------------
     0 | D:1      | Suckerboh the Troll Monk began the quest for the Orb.
     0 | D:1      | Reached XP level 1. HP: 22/22 MP: 0/0
   328 | D:1      | Reached XP level 2. HP: 29/29 MP: 1/1
   581 | D:2      | Found an ornate altar of the Wu Jian Council.
  1000 | D:2      | Reached XP level 3. HP: 36/36 MP: 2/2
  1015 | D:2      | Found a shadowy altar of Dithmenos.
  1727 | D:3      | Reached skill level 4 in Unarmed Combat
  1769 | D:3      | Noticed Ijyb
  1779 | D:3      | Killed Ijyb
  1779 | D:3      | Reached XP level 4. HP: 44/44 MP: 3/3
  1831 | D:3      | Found a bloodstained altar of Trog.
  2423 | D:4      | Reached skill level 5 in Unarmed Combat
  2423 | D:4      | Reached XP level 5. HP: 46/52 MP: 4/4
  2558 | D:4      | Noticed an ogre
  2566 | D:4      | Slain by an ogre

Skill      XL: |  1  2  3  4 |
---------------+-------------+-----
Unarmed Combat | 4 5 |  5.3
Dodging        | 3 |  3.1
Fighting       | |  2.8
Stealth        | |  1.0

Action                   |  1- 3 |  4- 6 || total
-------------------------+-------+-------++-------
Melee: Unarmed           |    75 |    67 ||   142
       Punch             |     1 |       ||     1
 Stab: Sleeping          |     1 |       ||     1
  Eat: Chunk             |    14 |    11 ||    25
       Ration            |     1 |       ||     1
Armor: Robe              |    41 |    21 ||    62
Dodge: Dodged            |    32 |    32 ||    64
